 Dungeon Crawl Stone Soup version 0.30.1-9-gdf580d7c3d (webtiles) character file.

Game seed: 13356088971778802325

961 fireball365 the Cleaver (level 8, -1/69 HPs)
             Began as a Hill Orc Fighter on Oct 8, 2023.
             Was an Initiate of Gozag.
             Slain by a troll (9 damage)
             ... on level 5 of the Dungeon.
             The game lasted 00:09:49 (4487 turns).

fireball365 the Cleaver (Hill Orc Fighter)          Turns: 4487, Time: 00:09:51

Health: -1/69      AC: 14    Str: 21    XL:     8   Next: 15%
Magic:  8/8        EV: 10    Int:  8    God:    Gozag
Gold:   414        SH:  0    Dex: 10    Spells: 7/7 levels left

rFire   . . .        u - +0 battleaxe
rCold   . . .        (shield currently unavailable)
rNeg    . . .        b - +0 scale mail
rPois   .            n - +2 helmet
rElec   .            (no cloak)
rCorr   .            (no gloves)
SInv    .            (no boots)
Will    +....        (no amulet) Stlth
                     h - ring of willpower
HPRegen 0.31/turn    k - +4 ring of protection
MPRegen 0.11/turn

%: no passive effects
@: lethally poisoned (-1 -> -10), gold aura
A: no striking features
a: Renounce Religion, Potion Petition, Call Merchant, Bribe Branch


You were on level 5 of the Dungeon.
You worshipped Gozag.
Gozag was aware of your devotion.
You visited 2 branches of the dungeon, and saw 6 of its levels.

You collected 510 gold pieces.
You spent 36 gold pieces at shops.
You paid 60 gold pieces to Gozag.

Inventory:

Hand Weapons
 a - a +0 war axe
 p - the +9 spear of the Mauling Tiger {antimagic, Dex+6 Stlth+}
   (You found it on level 4 of the Dungeon)

   Dex:       It affects your dexterity (+6).
   Stlth:     It makes you more stealthy.
 u - a +0 battleaxe (weapon)
Missiles
 e - 3 curare-tipped darts (quivered)
 o - 7 boomerangs
Armour
 b - a +0 scale mail (worn)
 c - a +0 buckler
 n - a +2 helmet (worn)
Jewellery
 h - a ring of willpower (left hand)
 j - a ring of fire
 k - a +4 ring of protection (right hand)
 m - an amulet of faith
 y - a +5 ring of evasion
Wands
 r - a wand of digging (5)
Scrolls
 f - a scroll of fog {unknown}
 g - 2 scrolls of enchant armour
 l - 2 scrolls of amnesia
 s - a scroll of identify
 w - a scroll of summoning
 x - a scroll of teleportation
Potions
 d - 2 potions of might
 i - 2 potions of mutation
 t - a potion of flight {unknown}
 v - a potion of magic {unknown}
 z - a potion of attraction {unknown}


   Skills:
 + Level 5.5 Fighting
 + Level 8.3 Axes
 + Level 5.6 Armour
 + Level 2.0 Dodging
 + Level 0.6 Stealth
 + Level 4.5 Shields


You had 7 spell levels left.
You didn't know any spells.
Your spell library contained the following spells:

 Spells                   Type           Power      Damage    Failure   Level
 Necrotise                Necr           0%         1d4       73%         1
 Scorch                   Fire           0%         2d5       86%         2
 Vampiric Draining        Necr           0%         2d6       97%         3
 Flame Wave               Conj/Fire      0%         2d4       100%        4
 Summon Ice Beast         Ice/Summ       0%         N/A       100%        4
 Summon Lightning Spire   Summ/Air       0%         N/A       100%        4
 Agony                    Necr           0%         N/A       100%        5
 Summon Mana Viper        Hex/Summ       0%         N/A       100%        5
 Summon Cactus Giant      Summ           0%         N/A       100%        6
 Summon Hydra             Summ           0%         N/A       100%        7


Dungeon Overview and Level Annotations

Branches:
Dungeon (5/15)             Temple (1/1) D:5

Altars:
Ashenzari
Cheibriados
Dithmenos
Elyvilon
Fedhas
Gozag
Hepliaklqana
Kikubaaqudgha
Nemelex Xobeh
Okawaru
Qazlal
Ru
Sif Muna
Trog
Uskayaw
Wu Jian
Xom
Yredelemnul
Zin
The Shining One

Shops:
D:4 !


Message History

You hit the troll. The troll bites you! The troll claws you!
The troll claws you but does no damage.
The jackal bites you but does no damage.
The troll closely misses you. The troll claws you but does no damage.
The troll claws you. The jackal barely misses you.
You slash the jackal!
You kill the jackal!
You slash the troll! You closely miss the hound. The hound barely misses you.
The troll closely misses you.
The troll claws you but does no damage. x2
The jackal bites you but does no damage.
A hound comes into view.
The hound barely misses you.
You closely miss the jackal. You closely miss the troll.
You closely miss the hound.
The hound barks!
The jackal misses you. The hound bites you but does no damage.
The troll bites you! The troll barely misses you.
The troll claws you but does no damage.
The scorpion stings you but does no damage.
The jackal closely misses you. The hound bites you.
You slash the jackal!
You kill the jackal!
You barely miss the troll. You slash the scorpion! You closely miss the hound.
The troll misses you.
The troll claws you but does no damage. x2
The hound bites you but does no damage. The scorpion stings you.
The troll bites you! The troll closely misses you. The troll claws you.
* * * LOW HITPOINT WARNING * * *
The hound bites you but does no damage.
You feel better.
The scorpion stings you but does no damage.
The hound bites you.
* * * LOW HITPOINT WARNING * * *
The scorpion stings you.
* * * LOW HITPOINT WARNING * * *
You are poisoned.
The scorpion poisons you! The troll bites you.
* * * LOW HITPOINT WARNING * * *
The troll claws you!
You die...
Your body crumbles into a pile of gold.

...+####........# ....##
.......... .....##.<....
........# ............
........## #.......#
.#.......#####.......#
.#.......##.....$$...#
.......#........$....#
.###...#.......#$##..#
.# #...#......##@# .8#
.# #..........#shTh.>...
.# ...........#..Y......
...##.##......#..#8..8#.
..............##.##..##
......##.#.#####.. ....
.# .# #.. ...# ... .##.


You could see a yak, a troll, a scorpion and 2 hounds.

Vanquished Creatures
  Sigmund (D:4)
  Edmund (D:4)
  A black bear (D:4)
  Blork the orc (D:4)
  A scorpion (D:4)
  A jelly (D:4)
  2 gnoll boudas (D:5)
  2 iguanas
  Natasha (thrice) (D:4)
  Robin (D:3)
  9 gnolls (D:5)
  4 adders
  An ufetubus (D:3)
  2 worms (D:2)
  3 dart slugs
  3 orcs
  8 bats
  9 endoplasms
  2 giant cockroaches
  19 goblins
  11 hobgoblins
  12 jackals
  6 kobolds
  4 quokkas
  5 ball pythons
  2 frilled lizards (D:3)
  6 rats
120 creatures vanquished.

Notes
Turn   | Place    | Note
-------+----------+-------------------------------------------
     0 | D:1      | fireball365 the Hill Orc Fighter began the quest for the
                  | Orb.
     0 | D:1      | Reached XP level 1. HP: 19/19 MP: 1/1
   131 | D:1      | Reached XP level 2. HP: 27/27 MP: 2/2
   290 | D:1      | Got the Omnibus of the Gang
   520 | D:1      | Reached skill level 3 in Axes
   520 | D:1      | Reached XP level 3. HP: 33/33 MP: 3/3
  1271 | D:2      | Reached XP level 4. HP: 34/41 MP: 4/4
  1431 | D:2      | Found a sparkling altar of Nemelex Xobeh.
  1836 | D:3      | Reached skill level 4 in Axes
  1888 | D:3      | Noticed Robin
  1918 | D:3      | Killed Robin
  1919 | D:3      | Reached skill level 1 in Dodging
  1957 | D:3      | Found a hazy altar of Hepliaklqana.
  1959 | D:3      | Found a shadowy altar of Dithmenos.
  1960 | D:3      | Noticed a shadow
  1979 | D:3      | Reached XP level 5. HP: 28/47 MP: 5/5
  2125 | D:3      | Found a faded altar of an unknown god.
  2448 | D:3      | Found a bloodstained altar of Trog.
  2728 | D:4      | Found a hide-covered altar of Uskayaw.
  2728 | D:4      | Found a glowing golden altar of the Shining One.
  2728 | D:4      | Found a glowing silver altar of Zin.
  2737 | D:4      | Found an opulent altar of Gozag.
  2744 | D:4      | Found a white marble altar of Elyvilon.
  2744 | D:4      | Identified the +9 spear of the Mauling Tiger {antimagic,
                  | Dex+6 Stlth+}
  2752 | D:4      | Became a worshipper of Gozag Ym Sagoz the Greedy
  2755 | D:4      | Found a sacrificial altar of Ru.
  2757 | D:4      | Found a snail-covered altar of Cheibriados.
  2758 | D:4      | Found a shimmering blue altar of Sif Muna.
  2792 | D:4      | Noticed Natasha
  2800 | D:4      | Killed Natasha
  2853 | D:4      | Found Paphyepsai's Distillery.
  2862 | D:4      | Bought a potion of curing for 36 gold pieces
  3187 | D:4      | Noticed a black bear
  3197 | D:4      | Killed a black bear
  3198 | D:4      | Reached skill level 5 in Axes
  3198 | D:4      | Reached XP level 6. HP: 44/53 MP: 6/6
  3257 | D:4      | Noticed Sigmund
  3266 | D:4      | Killed Sigmund
  3267 | D:4      | Reached skill level 6 in Axes
  3267 | D:4      | Reached XP level 7. HP: 51/60 MP: 7/7
  3386 | D:4      | Noticed Natasha
  3395 | D:4      | Killed Natasha
  3419 | D:4      | Noticed Edmund
  3446 | D:4      | Killed Edmund
  3447 | D:4      | Reached skill level 5 in Fighting
  3447 | D:4      | Reached skill level 7 in Axes
  3456 | D:4      | Noticed Blork the orc
  3470 | D:4      | Killed Blork the orc
  3688 | D:4      | Noticed Natasha
  3701 | D:4      | Killed Natasha
  3702 | D:4      | Reached skill level 5 in Armour
  3958 | D:5      | Entered Level 5 of the Dungeon
  3973 | D:5      | Found a staircase to the Ecumenical Temple.
  3982 | Temple   | Entered the Ecumenical Temple
  4171 | D:5      | Reached XP level 8. HP: 22/68 MP: 8/8
  4186 | D:5      | Reached skill level 8 in Axes
  4478 | D:5      | Noticed a troll
  4482 | D:5      | Noticed a yak
  4487 | D:5      | Slain by a troll

Illustrated notes

Levels and vault maps discovered:
D:1:      dpeg_arrival_rooms_a, layout_loops_corners
D:2:      layout_basic, basic_altar
D:3:      layout_rooms, riverfiend_overflow_shadow_ancestor,
          trog_butcher_becter, shapermc_ecumenical_altar_ellora, uniq_robin
D:4:      kennysheep_the_goblin_king, layout_loops_corners,
          nicolae_overflow_hallway_of_the_gods, serial_shops, shop_fountains,
          minmay_misc_feat_more_columns, nicolae_eternal_life, uniq_natasha,
          uniq_sigmund, uniq_edmund, uniq_blork_the_orc
D:5:      layout_basic, lemuel_temple_firewalk_a, st_stairs_6,
          minmay_manual_macuahuitl
Temple:   nicolae_temple_two_arcs

Skill      XL: |  1  2  3  4  5  6  7  8 |
---------------+-------------------------+-----
Fighting       | 4 5 |  5.5
Axes           | 3 4 5 6 7 8 |  8.3
Dodging        | 1 2 |  2.0
Armour         | 4 5 |  5.6
Shields        | 4 |  4.5
Stealth        | |  0.6

Action                     |  1- 3 |  4- 6 |  7- 9 || total
---------------------------+-------+-------+-------++-------
  Melee: War axe           |   110 |   167 |    50 ||   327
         Battleaxe         |       |       |    48 ||    48
    Use: Scroll            |       |     5 |     2 ||     7
         Potion            |       |       |     1 ||     1
 Armour: Scale mail        |    84 |   137 |    97 ||   318
  Dodge: Dodged            |    96 |   130 |    76 ||   302
  Block: Buckler           |    47 |    71 |     5 ||   123
